AoeStats
← [GG] Shevchenko 7

African Clearing

505717033Analyzed
2v2 RM · 23d ago on Sep 10, 2026· 34m 36s· 4 players
Game mode
Random Map
Map size
Medium (4 player)
Population
200
Speed
Normal
Resources
Standard
Victory
Conquest
Starting age
Dark Age
Ending age
Imperial Age
RankedLock teamsTeams togetherTeam positionsShared explorationLock speedFull tech treeHidden civsTurbo modeCheats
Victory
Defeat
1056
+15
🇧🇷 Huns · Brazil
1020
+17
🇩🇪 Wei · Germany
1036
-16
🇩🇪 Vietnamese · Germany
1031
-16
Pumbaa Jr.
6:27 Loom
12:05 Feudal Age
13:19 Double-Bit Axe
15:40 Fletching
20:07 Horse Collar
21:54 Padded Archer Armor
23:08 Wheelbarrow
27:08 Castle Age
29:55 Hand Cart
Josef_Hinterseer
9:48 Loom
9:59 Loom
13:18 Feudal Age
25:08 Castle Age
25:41 Pikeman
31:31 Sanctity
30:53 Crossbowman
[GG] Raúl González Blanco
3:04 Loom
11:48 Feudal Age
15:16 Town Watch
16:21 Bloodlines
21:41 Castle Age
22:32 Elite Skirmisher
30:03 Fletching
[GG] Shevchenko 7
3:03 Loom
14:02 Feudal Age
27:29 Castle Age
27:35 Castle Age
26:23 Scale Barding Armor
26:09 Fletching
26:44 Padded Archer Armor
28:00 Elite Skirmisher
29:45 Bodkin Arrow
30:07 Leather Archer Armor
31:33 Chain Barding Armor
32:52 Husbandry
Connection lost

Rejoining the realm…

Still unreachable

The connection could not be restored.

Session expired

The server has moved on; the page needs a fresh start.